 Dungeon Crawl Stone Soup version 0.26.0-11-g8f856b5395 (webtiles) character file.

Game seed: 11400195046859513714

1455790 SnakkuSnakku7 the Crack Shot (level 25, 151/231 HPs)
             Began as a Demigod Arcane Marksman on Jan 15, 2021.
             Escaped with the Orb
             ... and 3 runes!
             The game lasted 02:33:56 (94534 turns).

SnakkuSnakku7 the Crack Shot (DgAM)                Turns: 94534, Time: 02:33:57

Health: 151/231    AC: 46    Str: 25    XL:     25   Next: 20%
Magic:  33/35      EV: 15    Int: 23    God:
Gold:   2947       SH:  0    Dex: 16    Spells: 24/34 levels left

rFire    + . .     SeeInvis +   a - +9 longbow (freeze)
rCold    + + .     Faith    .   (shield currently unavailable)
rNeg     + . .     Spirit   .   B - +9 gold dragon scales
rPois    +         Reflect  .   W - +3 crown of Dyrovepreva {rElec Int+2 SInv}
rElec    +         Harm     .   l - +2 cloak {Stlth+}
rCorr    .         Rampage  .   b - +2 pair of gloves {archery}
Will     +++++     Clarity  +   T - +2 pair of boots {Fly}
Stlth    ..........             E - amulet of the Four Winds {rN+ Will+++ Clar}
HPRegen  0.48/turn              I - ring of Tusmynec {rC+ Stlth+}
MPRegen  0.24/turn              Q - +4 ring of protection

@: corroded, flying
A: clarity, high mp 1, mutation resistance 1, MP-powered wands, sturdy frame 1
0: Orb of Zot
}: 3/15 runes: barnacled, silver, gossamer
a: Stop Flying


You escaped.
You visited 9 branches of the dungeon, and saw 49 of its levels.
You visited the Abyss 1 time.
You also visited: Sewer.

You collected 9829 gold pieces.
You spent 6882 gold pieces at shops.

Inventory:

Hand Weapons
 a - a +9 longbow of freezing (weapon)
Missiles
 d - 680 arrows (quivered ammo)
 j - 6 curare-tipped darts
Armour
 b - a +2 pair of gloves of archery (worn)
 l - a +2 cloak of stealth (worn)
 B - +9 gold dragon scales (worn)
 T - a +2 pair of boots of flying (worn)
 W - the +3 crown of Dyrovepreva (worn) {rElec Int+2 SInv}
   (You bought it in a shop on level 5 of the Vaults)

   It affects your intelligence (+2).
   It insulates you from electricity.
   It lets you see invisible.
Jewellery
 n - an uncursed ring of protection from fire
 q - the ring of Pul Qyn {+Fly rPois rF+ MP+9}
   (You took it off a vault sentinel on level 1 of the Vaults)

   [ring of flight]

   It protects you from fire.
   It protects you from poison.
   It affects your magic capacity (+9).
   It lets you fly.
 t - an uncursed ring of resist corrosion
 E - the amulet of the Four Winds (around neck) {rN+ Will+++ Clar}
   (You bought it in a shop on level 2 of the Orcish Mines)

   [amulet of nothing]

   It protects you from negative energy.
   It affects your willpower, your defense against some magical effects.
   It protects you against confusion.
 I - the ring of Tusmynec (left hand) {rC+ Stlth+}
   (You took it off a merfolk impaler on level 4 of the Shoals)

   [ring of protection from cold]

   It protects you from cold.
   It makes you more stealthy.
 L - the ring of Piddumis {rElec MP+9 Str-4 Stlth+}
   (You took it off a yaktaur captain on level 5 of the Vaults)

   [ring of magical power]

   It affects your strength (-4).
   It insulates you from electricity.
   It affects your magic capacity (+9).
   It makes you more stealthy.
 M - an uncursed amulet of guardian spirit
 Q - a +4 ring of protection (right hand)
Wands
 e - a wand of acid (37)
 C - a wand of paralysis (35)
 G - a wand of disintegration (26)
 H - a wand of iceblast (53)
 X - a wand of enslavement (22)
 Y - a wand of digging (1)
Scrolls
 c - a scroll of holy word
 g - 3 scrolls of summoning
 o - a scroll of brand weapon
 r - 7 scrolls of amnesia
 s - 17 scrolls of teleportation
 v - 7 scrolls of fog
 w - 2 scrolls of blinking
 x - 19 scrolls of remove curse
 y - a scroll of silence
 z - 5 scrolls of magic mapping
 A - 9 scrolls of immolation
 D - a scroll of enchant armour
 N - 14 scrolls of identify
 Z - 10 scrolls of fear
Potions
 f - 6 potions of brilliance
 h - 27 potions of curing
 i - 5 potions of mutation
 k - a potion of resistance
 m - 4 potions of magic
 p - a potion of haste
 u - 8 potions of might
 J - 4 potions of invisibility
 K - 5 potions of ambrosia
 O - 3 potions of heal wounds
 R - a potion of cancellation
Miscellaneous
 S - a condenser vane
 U - a lightning rod (4/4)
 V - a box of beasts


   Skills:
 - Level 20.0 Fighting
 - Level 5.0 Maces & Flails
 + Level 22.0 Bows
 - Level 20.0 Armour
 - Level 15.0 Dodging
 - Level 5.0 Spellcasting
 - Level 15.0 Hexes
 - Level 8.0 Translocations
 - Level 8.0 Evocations


You had 24 spell levels left.
You knew the following spells:

 Your Spells              Type           Power        Failure   Level
a - Cause Fear            Hex            32%          1%          4
b - Blink                 Tloc           N/A          4%          2
f - Portal Projectile     Hex/Tloc       100%         2%          3
g - Apportation           Tloc           84%          3%          1

Your spell library contained the following spells:

 Spells                   Type           Power        Failure   Level
 Corona                   Hex            72%          1%          1
 Slow                     Hex            65%          1%          2
 Confusing Touch          Hex            65%          1%          3
 Tukima's Dance           Hex            65%          1%          3
 Gell's Gravitas          Tloc           21%          10%         3
 Lesser Beckoning         Tloc           21%          10%         3
 Dazzling Flash           Conj/Hex       80%          12%         3
 Inner Flame              Hex/Fire       40%          12%         3
 Invisibility             Hex            65%          28%         6
 Fulminant Prism          Conj/Hex       20%          38%         4
 Leda's Liquefaction      Hex/Erth       20%          38%         4
 Animate Skeleton         Necr           10%          65%         1
 Beastly Appendage        Tmut           10%          65%         1
 Freeze                   Ice            20%          65%         1
 Magic Dart               Conj           20%          65%         1
 Pain                     Necr           20%          65%         1
 Sandblast                Erth           10%          65%         1
 Shock                    Conj/Air       20%          65%         1
 Summon Small Mammal      Summ           20%          65%         1
 Metabolic Englaciation   Hex/Ice        20%          75%         5
 Silence                  Hex/Air        20%          75%         5
 Yara's Violent Unravell  Hex/Tmut       20%          75%         5
 Call Imp                 Summ           5%           80%         2
 Corpse Rot               Necr/Air       N/A          80%         2
 Passwall                 Tmut/Erth      4%           80%         2
 Searing Ray              Conj           10%          80%         2
 Swiftness                Air            5%           80%         2
 Wereblood                Tmut           5%           80%         2
 Iskenderun's Mystic Bla  Conj/Tloc      24%          86%         4
 Conjure Flame            Conj/Fire      5%           95%         3
 Frozen Ramparts          Ice            10%          95%         3
 Ignite Poison            Fire/Tmut/Pois 5%           95%         3
 Mephitic Cloud           Conj/Pois/Air  5%           95%         3
 Ozocubu's Armour         Ice            5%           95%         3
 Spider Form              Tmut/Pois      2%           95%         3
 Static Discharge         Conj/Air       5%           95%         3
 Stone Arrow              Conj/Erth      10%          95%         3
 Vampiric Draining        Necr           2%           95%         3
 Summon Forest            Summ/Tloc      12%          99%         5
 Airstrike                Air            2%           100%        4
 Animate Dead             Necr           2%           100%        4
 Hailstorm                Conj/Ice       5%           100%        4
 Ice Form                 Ice/Tmut       5%           100%        4
 Petrify                  Tmut/Erth      5%           100%        4
 Summon Ice Beast         Ice/Summ       5%           100%        4
 Summon Lightning Spire   Summ/Air       5%           100%        4
 Agony                    Necr           5%           100%        5
 Alistair's Intoxication  Tmut/Pois      3%           100%        5
 Blade Hands              Tmut           2%           100%        5
 Bolt of Magma            Conj/Fire/Erth 2%           100%        5
 Fireball                 Conj/Fire      2%           100%        5
 Iskenderun's Battlesphe  Conj           5%           100%        5
 Lee's Rapid Deconstruct  Erth           2%           100%        5
 Lightning Bolt           Conj/Air       2%           100%        5
 Conjure Ball Lightning   Conj/Air       2%           100%        6
 Eringya's Noxious Bog    Tmut/Pois      2%           100%        6
 Hydra Form               Tmut           2%           100%        6
 Iron Shot                Conj/Erth      2%           100%        6
 Starburst                Conj/Fire      2%           100%        6
 Orb of Destruction       Conj           2%           100%        7
 Spellforged Servitor     Conj/Summ      2%           100%        7
 Summon Hydra             Summ           2%           100%        7
 Chain Lightning          Conj/Air       2%           100%        8
 Ignition                 Fire           2%           100%        8
 Lehudib's Crystal Spear  Conj/Erth      2%           100%        8
 Absolute Zero            Ice            2%           100%        9
 Fire Storm               Conj/Fire      2%           100%        9
 Tornado                  Air            2%           100%        9


Dungeon Overview and Level Annotations

Branches:
Dungeon (15/15)            Temple (0/1) D:7            Lair (6/6) D:9
 Shoals (4/4) Lair:2       Spider (4/4) Lair:2        Slime (0/5) Lair:5
    Orc (2/2) D:12            Elf (3/3) Orc:2        Vaults (5/5) D:14
  Crypt (0/3) Vaults:2     Depths (5/5) D:15            Zot (5/5) Depths:5
  Sewer (visited)

Shops:
D:5 [   D:6 ?   D:10 (   Orc:1 !   Orc:2 *(*:?:?[   Elf:3 *   Shoals:1 }*
Vaults:1 =   Vaults:3 :   Vaults:5 [   Depths:2 [   Depths:4 *((   Depths:5 *

Portals:
Hell: Depths:3 Depths:5
Abyss: Depths:2 Depths:3 Depths:4
Pandemonium: Depths:1
Ziggurat: Depths:4

Annotations:
Spider:4 1 runed translucent door, Zeldest's ghost, adept TrMo
Elf:2 3 runed translucent doors


Innate Abilities, Weirdness & Mutations

You have an increased reservoir of magic. (+10% MP)
You possess an exceptional clarity of mind.
You are somewhat resistant to further mutation.
You expend magic power (3 MP) to strengthen your wands.
Your movements are slightly less encumbered by armour. (ER -2)


Message History

There is an open door here.
There is a shaft here.
There is an open door here.
A gelid demonspawn comes into view.
It is wielding a +0 vampiric demon trident.
You see here a ring mail.
A rust devil comes into view.
The rust devil screeches!
The rust devil hits you. The rust devil corrodes you!
Evoke which item? (* to show all) (? for menu, Esc to quit)
Aiming: Dig
Press: ? - help, Shift-Dir - straight line A rock wall.
This square is covered in magical glow.
You feel a surge of power!
The rock shatters into small pieces.
The rust devil barely misses you.
Unknown command.
There is a staircase leading out of the dungeon here.
Okay, then.
The rust devil closely misses you.
You have escaped!

#.........# ##.##.###.#.#
#.###.###.###...#.......# #.#
#.###.#.......###.### #.#
#.#.........#.# #.# #.#
#........6....###.# #.#
###.#.#..###......#
#.#####.#.#..# #..#####
#........##4####..#
#######.##.@.#....#
########.##...##.###
#...)....#P...P#.#
#.#.###.###.P.####
#....##.##P.P.P#############
##.....#.###...###..........#
#.........#P...P#...#######.#
##.....#.###...##....## #.#
#....##.##P...P#.....# #.#


You could see a gelid demonspawn (icemail) and a rust devil.

Vanquished Creatures
  4 orbs of fire (Zot:5)
  3 ancient liches
  Mennas (Vaults:4)
  Saint Roka (Elf:2)
  Frederick (Vaults:2)
  2 Killer Klowns (Zot:5)
  Margery (Vaults:1)
  A curse toe (Zot:1)
  Jory (Vaults:2)
  9 golden dragons
  Nikola (Depths:3)
  A bone dragon (Depths:5)
  An electric golem (Zot:5)
  A Brimstone Fiend (D:2)
  3 liches
  Jorgrun (Shoals:3)
  3 tentacled monstrosities (Vaults:5)
  25 Orb Guardians
  A deep elf master archer (Elf:3)
  4 deep elf blademasters (Elf:3)
  5 quicksilver dragons
  A kraken (Shoals:1)
  Frances (D:13)
  3 sphinxes
  2 death cobs
  An Executioner (D:14)
  7 storm dragons
  The ghost of Moox the Marksminotaur, an adept MiHu of Dithmenos (Spider:1)
  7 shadow dragons
  2 draconian monks
  Kirke (D:13)
  7 tengu reavers
  Roxanne (Spider:2)
  8 fire giants
  6 deep elf sorcerers
  5 frost giants
  6 draconian knights
  Louise (D:14)
  14 vault wardens
  An iron dragon (Vaults:5)
  7 emperor scorpions
  4 ghost moths
  3 draconian scorchers
  5 draconian shifters
  5 deep elf elementalists
  A spriggan defender (Depths:2)
  2 draconian stormcallers (Zot:3)
  A cacodemon (Abyss:3)
  5 war gargoyles
  3 draconian annihilators
  17 very ugly things
  16 ironheart preservers
  10 stone giants
  3 vampire knights
  5 deep elf demonologists
  6 black draconians
  A dire elephant (Lair:6)
  7 green draconians
  A lorocyproca (D:15)
  9 purple draconians
  5 red draconians
  5 yellow draconians
  A bunyip (shapeshifter) (Vaults:5)
  7 entropy weavers
  5 deep elf annihilators
  Azrael (D:14)
  5 spark wasps
  7 white draconians
  2 merfolk javelineers (Shoals:4)
  5 deep elf death magi (Elf:3)
  A green death (Abyss:3)
  A blizzard demon (Depths:1)
  12 ettins
  Josephine (Lair:5)
  12 deep elf high priests
  10 merfolk impalers
  18 yaktaur captains
  11 fire dragons
  5 great orbs of eyes
  16 boulder beetles
  16 ogre magi
  5 rakshasas
  2 spriggan air magi (Depths:4)
  6 ice dragons
  28 vault guards
  15 hydras
  2 hell beasts
  6 merfolk avatars
  2 catoblepae
  An alligator snapping turtle (Shoals:4)
  45 two-headed ogres
  9 centaur warriors
  The ghost of Strat the Cleaver, a novice DDFi of Makhleb (Lair:2)
  2 death knights (Vaults:2)
  3 merfolk aquamancers
  17 dancing weapons
  2 satyrs
  5 tengu warriors
  2 vampire magi
  A hell hog (D:12)
  6 death yaks
  10 deep troll shamans
  9 deep troll earth magi
  3 orc high priests (Orc:2)
  5 thrashing horrors (Abyss:3)
  3 spriggan berserkers
  12 deep elf knights
  4 iron trolls (Depths:1)
  3 large abominations
  5 shadow wraiths
  Sonja (Lair:2)
  2 wretched stars (Abyss:3)
  A soul eater (Depths:1)
  A sixfirhy (Abyss:3)
  A deep troll (shapeshifter) (Depths:5)
  A death drake (Abyss:3)
  5 hell knights (Vaults:2)
  An unseen horror (D:15)
  5 small abominations
  A goliath frog (shapeshifter) (Depths:4)
  42 deep trolls
  3 glowing orange brains
  A quicksilver dragon simulacrum (Depths:2)
  A storm dragon skeleton (Vaults:3)
  A flayed ghost (Abyss:3)
  24 deep elf archers
  An obsidian statue (Vaults:3)
  3 orange crystal statues
  6 phantasmal warriors
  A torturous demonspawn (Depths:5)
  11 sea snakes
  4 starcursed masses (Abyss:3)
  4 necromancers
  A lindwurm (Lair:6)
  15 ironbrand convokers
  20 harpies
  20 orc knights
  2 fire giant zombies
  17 orb spiders
  An orb spider (shapeshifter) (Depths:4)
  50 deep elf magi
  3 oklob plants
  24 wolf spiders
  13 fauns
  11 cyclopes
  32 ugly things
  19 manticores
  11 orc sorcerers
  14 moths of wrath
  A rust devil (Depths:3)
  3 centaur zombies
  12 elephants
  An apocalypse crab (Abyss:3)
  2 guardian serpents (Depths:4)
  2 smoke demons (Abyss:3)
  8 merfolk sirens
  11 black mambas
  14 vault sentinels
  2 gargoyles
  14 cane toads
  A torpor snail (Spider:4)
  An orange demon (Depths:1)
  4 human skeletons
  7 water nymphs
  A yaktaur zombie (Vaults:2)
  5 rime drakes
  A spark wasp simulacrum (Depths:2)
  43 yaktaurs
  16 demonic crawlers
  3 tengu conjurers
  2 efreet
  7 komodo dragons
  A red devil (D:15)
  3 ancient zymes (Abyss:3)
  3 hellwings
  2 meliai (shapeshifter)
  11 freezing wraiths
  An entropy weaver simulacrum (Vaults:3)
  15 merfolk
  10 trolls
  2 harpy zombies
  A merfolk (shapeshifter) (Vaults:5)
  A polar bear (Lair:6)
  35 jumping spiders
  A polar bear (shapeshifter) (Depths:3)
  2 queen bees
  11 hornets
  2 wind drakes
  2 hornets (shapeshifter)
  7 raiju (Abyss:3)
  A tyrant leech (shapeshifter) (Vaults:5)
  25 slime creatures
  12 blink frogs
  6 dream sheep
  11 snapping turtles
  A dream sheep (shapeshifter) (Elf:2)
  Sigmund (D:3)
  6 flying skulls (Abyss:3)
  A frost giant simulacrum (Depths:2)
  10 wraiths
  53 yaks
  2 shadows
  28 tarantellas
  85 redbacks
  A spriggan (shapeshifter) (Vaults:2)
  6 water elementals
  2 air elementals
  A vampire (D:14)
  A wyvern (shapeshifter) (Vaults:5)
  A basilisk (shapeshifter) (Vaults:1)
  A yak (shapeshifter) (Vaults:4)
  15 wyverns
  6 basilisks
  A fire bat (Abyss:3)
  6 fire elementals
  6 hogs
  A chaos spawn (Abyss:3)
  8 vampire mosquitoes
  A golden eye (shapeshifter) (Vaults:4)
  A neqoxec (Abyss:3)
  Menkaure (D:6)
  4 wargs
  2 swamp worms (Lair:3)
  An ogre zombie (Vaults:1)
  A soldier ant (shapeshifter) (Depths:3)
  2 acid dragons
  A soldier ant (D:14)
  17 water moccasins
  3 hell hounds
  2 sky beasts
  A floating eye (Depths:3)
  11 black bears
  48 orc warriors
  3 ice beasts
  A human zombie (Vaults:2)
  A black bear (shapeshifter) (Depths:3)
  47 ogres
  2 eyes of draining (D:11)
  11 wolves
  21 centaurs
  A centaur (shapeshifter) (Vaults:4)
  2 necrophages
  8 boggarts
  2 elf skeletons
  6 big kobolds
  24 bullfrogs
  2 gnoll sergeants (D:11)
  2 wyvern zombies
  4 earth elementals
  A wyvern skeleton (D:6)
  8 scorpions
  12 killer bees
  15 wights
  4 electric eels
  4 howler monkeys
  2 human simulacra
  2 bullfrog zombies
  5 jellies
  A hound (shapeshifter) (Depths:3)
  22 orc priests
  2 gnoll shamans (D:11)
  7 hounds
  Crazy Yiuf (D:4)
  31 orc wizards
  2 bullfrog skeletons
  3 centaur skeletons
  Ijyb (D:3)
  An iguana (D:6)
  8 worker ants
  A hound skeleton (D:6)
  A worker ant zombie (D:11)
  Robin (D:2)
  12 adders
  3 gnolls (D:2)
  2 shadow imps
  2 white imps
  4 ufetubi
  An adder zombie (D:9)
  3 worms
  An adder skeleton (D:4)
  4 dart slugs
  4 leopard geckos
  112 orcs
  6 ball pythons
  8 bats
  8 giant cockroaches
  25 goblins
  10 hobgoblins
  12 jackals
  2 quokkas
  8 frilled lizards
  16 kobolds
  3 quokka zombies
  10 rats
  7 crawling corpses
  A lurking horror (Shoals:2)
  5 tentacles (Shoals:1)
2196 creatures vanquished.

Vanquished Creatures (collateral kills)
  Rupert (D:14)
1 creature vanquished.

Vanquished Creatures (others)
  An emperor scorpion (Spider:4)
  An unseen horror (Vaults:1)
  A redback (Spider:4)
  An orc wizard (Elf:1)
  4 orcs (Elf:1)
  A ball python skeleton (D:4)
  4 ball lightnings (Zot:5)
  37 fungi
  A lurking horror (Abyss:3)
  207 plants
  23 tentacles (Shoals:1)
  2 withered plants (Spider:4)
283 creatures vanquished.

Grand Total: 2480 creatures vanquished

Notes
Turn   | Place    | Note
-------+----------+-------------------------------------------
     0 | D:1      | SnakkuSnakku7 the Demigod Arcane Marksman began the quest
                  | for the Orb.
     0 | D:1      | Reached XP level 1. HP: 15/15 MP: 4/4
    32 | D:1      | Reached skill level 2 in Bows
   348 | D:1      | Reached XP level 2. HP: 22/22 MP: 5/5
   826 | D:1      | Reached skill level 3 in Bows
  1288 | D:1      | Reached XP level 3. HP: 17/27 MP: 6/6
  2058 | D:2      | Noticed Robin
  2319 | D:2      | Killed Robin
  2320 | D:2      | Reached skill level 4 in Bows
  2453 | D:2      | Reached XP level 4. HP: 30/34 MP: 8/8
  3169 | D:3      | Noticed Sigmund
  3176 | D:3      | Killed Sigmund
  3177 | D:3      | Reached skill level 6 in Bows
  3177 | D:3      | Reached XP level 5. HP: 35/39 MP: 9/9
  3216 | D:3      | You fall into a shaft and drop 3 floors!
  3254 | D:6      | Reached XP level 6. HP: 15/46 MP: 10/10
  3582 | D:5      | Entered Level 5 of the Dungeon
  3640 | D:5      | Found an opulent altar of Gozag.
  3828 | D:4      | Got a jewelled falchion
  4056 | D:4      | Reached skill level 7 in Bows
  4071 | D:4      | Identified the +4 falchion of Anguish {flame, *Slow +Fly
                  | Str+4} (You found it on level 4 of the Dungeon)
  4084 | D:4      | Found a glowing drain.
  4099 | Sewer    | Entered a sewer
  4189 | Sewer    | Found a white marble altar of Elyvilon.
  4233 | D:4      | Reached XP level 7. HP: 42/51 MP: 11/11
  4339 | D:3      | Noticed Ijyb
  4353 | D:3      | Killed Ijyb
  4496 | D:3      | Found a glowing golden altar of the Shining One.
  4499 | D:3      | Noticed an angel
  4575 | D:3      | Found a white marble altar of Elyvilon.
  4704 | D:3      | Found a basalt altar of Yredelemnul.
  4707 | D:3      | Noticed a profane servitor
  4780 | D:4      | Found a runed translucent door.
  4781 | D:4      | Noticed Crazy Yiuf
  4931 | D:4      | Found a radiant altar of Vehumet.
  5226 | D:4      | Killed Crazy Yiuf
  5231 | D:4      | Got an ichor-stained mace
  5232 | D:4      | Identified the +4 mace of Pandemonium {flame, Str+9} (You
                  | found it on level 4 of the Dungeon)
  5402 | D:5      | Found Acuheb's Armour Emporium.
  5410 | D:5      | Bought a +1 pair of gloves of strength for 247 gold pieces
  5444 | D:5      | Reached skill level 8 in Bows
  5649 | D:5      | Found a shadowy altar of Dithmenos.
  5649 | D:5      | Noticed a shadow
  5651 | D:5      | Found a hazy altar of Hepliaklqana.
  5813 | D:5      | Reached skill level 9 in Bows
  6204 | D:6      | Reached XP level 8. HP: 58/58 MP: 12/12
  6263 | D:6      | Noticed Menkaure
  6268 | D:6      | Killed Menkaure
  6546 | D:6      | Found Nusi Fiwk's Magic Scroll Shop.
  6551 | D:6      | Bought a scroll of teleportation for 39 gold pieces
  6551 | D:6      | Bought a scroll of blinking for 97 gold pieces
  6701 | D:6      | Found a broken altar of Ashenzari.
  6907 | D:7      | Reached skill level 10 in Bows
  7029 | D:7      | Found a staircase to the Ecumenical Temple.
  7047 | D:7      | Found an ancient bone altar of Kikubaaqudgha.
  7773 | D:8      | Found a snail-covered altar of Cheibriados.
  7826 | D:8      | Reached skill level 11 in Bows
  8109 | D:8      | Reached XP level 9. HP: 46/63 MP: 13/13
  9192 | D:8      | Reached skill level 12 in Bows
  9889 | D:9      | Found a staircase to the Lair.
  9889 | D:9      | Noticed an elephant
  9889 | D:9      | Noticed a brown ugly thing
  9926 | D:9      | Killed an elephant
  9939 | D:9      | HP: 3/63 [yak (7)]
 10217 | Lair:1   | Entered Level 1 of the Lair of Beasts
 10240 | Lair:1   | Reached skill level 13 in Bows
 10404 | Lair:1   | Noticed a rime drake
 10409 | Lair:1   | Killed a rime drake
 10427 | Lair:1   | Noticed a black mamba
 10436 | Lair:1   | Killed a black mamba
 10437 | Lair:1   | Reached XP level 10. HP: 59/70 MP: 14/14
 10703 | Lair:1   | Noticed an elephant
 10716 | Lair:1   | Killed an elephant
 10716 | Lair:1   | Noticed an elephant
 10719 | Lair:1   | Noticed an elephant
 10726 | Lair:1   | Noticed an elephant
 10730 | Lair:1   | Noticed an elephant
 10731 | Lair:1   | Killed an elephant
 10754 | Lair:1   | Killed an elephant
 10755 | Lair:1   | Reached skill level 14 in Bows
 10755 | Lair:1   | Reached skill level 1 in Fighting
 10788 | Lair:1   | Killed an elephant
 11125 | Lair:1   | Killed an elephant
 11341 | Lair:1   | Reached skill level 5 in Fighting
 11457 | Lair:1   | Noticed an elephant
 11477 | Lair:1   | Killed an elephant
 12800 | Lair:2   | Noticed a seven-headed hydra
 12814 | Lair:2   | Killed a seven-headed hydra
 12815 | Lair:2   | Reached XP level 11. HP: 50/93 MP: 15/15
 13344 | Lair:2   | Noticed Sonja
 13355 | Lair:2   | Killed Sonja
 13356 | Lair:2   | Reached skill level 1 in Armour
 13848 | Lair:2   | Reached skill level 5 in Armour
 13905 | Lair:2   | Found a runed translucent gate.
 13909 | Lair:2   | Found a runed translucent gate.
 13909 | Lair:2   | Noticed Strat's ghost (novice DDFi)
 13910 | Lair:2   | Found a runed translucent gate.
 13911 | Lair:2   | Noticed a 12-headed hydra
 13911 | Lair:2   | Noticed a ten-headed hydra
 14103 | Lair:2   | Found a hole to the Spider Nest.
 14837 | Lair:2   | Found a staircase to the Shoals.
 15429 | Lair:3   | Noticed a seven-headed hydra
 15439 | Lair:3   | Killed a seven-headed hydra
 16003 | Lair:3   | Reached skill level 1 in Evocations
 16100 | Lair:3   | Found the +8 frozen axe "Frostbite" {freezing cloud, *Noise
                  | +Fly rC+}
 16318 | Lair:3   | Got a scintillating silver ring
 16320 | Lair:3   | Identified the cursed ring "Iluuz" {Will+ Dex-4} (You found
                  | it on level 3 of the Lair of Beasts)
 16497 | Lair:4   | Noticed a death yak
 16497 | Lair:4   | Noticed a death yak
 16511 | Lair:4   | Killed a death yak
 16511 | Lair:4   | Noticed a death yak
 16512 | Lair:4   | Reached XP level 12. HP: 101/101 MP: 16/16
 16776 | Lair:4   | Reached skill level 5 in Evocations
 17229 | Lair:4   | Noticed a catoblepas
 17251 | Lair:4   | Killed a catoblepas
 19081 | Lair:4   | Reached skill level 1 in Maces & Flails
 20180 | Lair:5   | Noticed Josephine
 20668 | Lair:5   | Reached skill level 5 in Maces & Flails
 20741 | Lair:5   | Found a staircase to the Slime Pits.
 20764 | Lair:5   | Found a viscous altar of Jiyva.
 20945 | Lair:5   | Killed Josephine
 21396 | Lair:5   | Noticed a seven-headed hydra
 21406 | Lair:5   | Killed a seven-headed hydra
 21701 | Lair:5   | Reached skill level 5 in Dodging
 21912 | Lair:5   | Identified a scroll of acquirement
 21912 | Lair:5   | Acquired the +9 longbow "Teablere" {venom, rN+ MP-9 Dex+4
                  | SInv}
 22004 | Lair:6   | Entered Level 6 of the Lair of Beasts
 22027 | Lair:6   | Noticed an eight-headed hydra
 22032 | Lair:6   | Killed an eight-headed hydra
 22033 | Lair:6   | Reached XP level 13. HP: 105/107 MP: 8/17
 23772 | Lair:6   | Reached skill level 15 in Bows
 25123 | Lair:6   | Noticed a dire elephant
 25143 | Lair:6   | Killed a dire elephant
 25420 | Lair:6   | Reached skill level 16 in Bows
 26908 | D:9      | Found a sparkling altar of Nemelex Xobeh.
 27223 | D:10     | Entered Level 10 of the Dungeon
 27360 | D:10     | Found Teskalupn's Antique Weapon Boutique.
 28418 | D:10     | Reached XP level 14. HP: 40/115 MP: 10/19
 28970 | D:11     | Reached skill level 17 in Bows
 29387 | D:11     | Found a radiant altar of Vehumet.
 31156 | D:12     | Reached skill level 18 in Bows
 31635 | D:12     | Found a staircase to the Orcish Mines.
 31855 | D:13     | Noticed Kirke
 31860 | D:13     | Noticed Frances
 32695 | D:13     | Killed Frances
 32973 | D:13     | Killed Kirke
 33610 | D:14     | Noticed Azrael
 34016 | D:14     | Killed Azrael
 34287 | D:14     | Noticed Rupert
 34298 | D:14     | Noticed Louise
 34314 | D:14     | Killed Louise
 34757 | D:14     | Reached skill level 19 in Bows
 34828 | D:14     | Found a gate to the Vaults.
 34904 | D:14     | Reached XP level 15. HP: 44/121 MP: 11/20
 35413 | D:14     | Killed Rupert
 35709 | D:15     | Entered Level 15 of the Dungeon
 35863 | D:15     | Found a blossoming altar of Fedhas.
 37082 | D:15     | Found a staircase to the Depths.
 37472 | D:15     | Reached skill level 20 in Bows
 37667 | Orc:1    | Entered Level 1 of the Orcish Mines
 37900 | Orc:1    | Found Loelyfif's Distillery.
 37923 | Orc:1    | Reached XP level 16. HP: 133/133 MP: 12/21
 37924 | Orc:1    | Bought a potion of heal wounds for 75 gold pieces
 37924 | Orc:1    | Bought a potion of mutation for 120 gold pieces
 37924 | Orc:1    | Bought a potion of cancellation for 120 gold pieces
 37924 | Orc:1    | Bought a potion of mutation for 120 gold pieces
 37924 | Orc:1    | Bought a potion of curing for 45 gold pieces
 38308 | Orc:2    | Entered Level 2 of the Orcish Mines
 38345 | Orc:2    | Reached skill level 10 in Fighting
 38360 | Orc:2    | Found Osarau's Magic Scroll Shop.
 38387 | Orc:2    | Bought a scroll of enchant armour for 97 gold pieces
 38387 | Orc:2    | Bought a scroll of enchant armour for 97 gold pieces
 38387 | Orc:2    | Bought a scroll of fog for 26 gold pieces
 38387 | Orc:2    | Bought a scroll of magic mapping for 45 gold pieces
 38540 | Orc:2    | Found Ysiaw's Antique Armour Emporium.
 38561 | Orc:2    | Found a staircase to the Elven Halls.
 38562 | Orc:2    | Bought a glowing helmet for 255 gold pieces
 38562 | Orc:2    | Bought a glowing cloak for 255 gold pieces
 38591 | Orc:2    | Found Anosupes's Book Boutique.
 38591 | Orc:2    | Found Linoopt's Book Boutique.
 39157 | Orc:2    | Found Japlugua's Magic Scroll Boutique.
 39157 | Orc:2    | Found Xoic's General Store.
 39159 | Orc:2    | Found Cuxussik's General Store.
 39159 | Orc:2    | Found Vytudghi's Antique Weapon Emporium.
 39179 | Orc:2    | Bought a scroll of enchant armour for 82 gold pieces
 39179 | Orc:2    | Bought a potion of mutation for 88 gold pieces
 39189 | Orc:2    | Bought the amulet of the Four Winds {rN+ Will+++ Clar} for
                  | 526 gold pieces
 39189 | Orc:2    | Found the amulet of the Four Winds {rN+ Will+++ Clar}
 39189 | Orc:2    | Bought a scroll of teleportation for 36 gold pieces
 39191 | Orc:2    | Bought a scroll of teleportation for 36 gold pieces
 39191 | Orc:2    | Bought a scroll of teleportation for 36 gold pieces
 39191 | Orc:2    | Bought a scroll of blinking for 90 gold pieces
 39191 | Orc:2    | Bought a scroll of fog for 24 gold pieces
 39191 | Orc:2    | Bought a scroll of enchant armour for 90 gold pieces
 39300 | Orc:2    | Found a roughly hewn altar of Beogh.
 39785 | Lair:2   | Killed Strat's ghost
 40117 | Spider:1 | Entered Level 1 of the Spider Nest
 40514 | Spider:1 | Learned a level 1 spell: Apportation
 40518 | Spider:1 | Learned a level 3 spell: Portal Projectile
 40627 | Spider:1 | Reached skill level 1 in Translocations
 41030 | Spider:1 | Found a runed translucent gate.
 41030 | Spider:1 | Found a runed translucent gate.
 41031 | Spider:1 | Found a runed translucent gate.
 41032 | Spider:1 | Noticed Moox's ghost (adept MiHu)
 41970 | Spider:1 | Learned a level 4 spell: Cause Fear
 42196 | Spider:1 | Reached skill level 5 in Hexes
 42196 | Spider:1 | Reached XP level 17. HP: 85/146 MP: 13/22
 43022 | Spider:2 | Noticed Roxanne
 43053 | Spider:2 | Killed Roxanne
 43054 | Spider:2 | Reached skill level 5 in Translocations
 45390 | Spider:4 | Entered Level 4 of the Spider Nest
 45390 | Spider:4 | Found a runed translucent door.
 45390 | Spider:4 | Noticed Zeldest's ghost (adept TrMo)
 47208 | Spider:4 | Reached skill level 10 in Hexes
 48206 | Spider:4 | Got a gossamer rune of Zot
 48814 | Spider:1 | Killed Moox's ghost
 49140 | Spider:1 | Got a pair of ichor-stained boots
 49142 | Spider:1 | Identified the +0 pair of boots of the Bull {rF- Dex+6}
                  | (You found it on level 1 of the Spider Nest)
 49146 | Spider:1 | Identified the +1 helmet of Xoeklul {Str+4} (You found it
                  | on level 1 of the Spider Nest)
 49276 | Shoals:1 | Entered Level 1 of the Shoals
 50073 | Shoals:2 | Reached XP level 18. HP: 65/154 MP: 9/23
 51530 | Shoals:1 | Found Saruefos's Assorted Antiques.
 51544 | Shoals:1 | Bought a fuming purple potion for 27 gold pieces
 51591 | Shoals:1 | Found Hevvoimimi's Gadget Shop.
 54075 | Shoals:3 | Noticed Jorgrun
 54090 | Shoals:3 | Killed Jorgrun
 54818 | Shoals:4 | Entered Level 4 of the Shoals
 56978 | Shoals:4 | Identified the ring of Tusmynec {rC+ Stlth+}
 56980 | Shoals:4 | Reached skill level 15 in Hexes
 57003 | Shoals:4 | Got a barnacled rune of Zot
 57804 | Orc:2    | Bought 11 arrows for 26 gold pieces
 57814 | Orc:2    | Bought 9 arrows for 19 gold pieces
 57814 | Orc:2    | Bought 16 arrows for 35 gold pieces
 58154 | Shoals:1 | Bought a glowing plate armour for 806 gold pieces
 58659 | Vaults:1 | Entered Level 1 of the Vaults
 59612 | Vaults:1 | Reached skill level 10 in Armour
 60106 | Vaults:1 | Found Adeyqyru's Jewellery Emporium.
 60163 | Vaults:1 | Reached XP level 19. HP: 133/160 MP: 15/24
 62153 | Vaults:1 | Identified the +1 robe of Dust Devil {SInv}
 62167 | Vaults:1 | Found a transporter.
 62182 | Vaults:1 | Identified the ring of Pul Qyn {+Fly rPois rF+ MP+9}
 62183 | Vaults:1 | Found a transporter.
 62372 | Vaults:2 | Noticed Jory
 62399 | Vaults:2 | Killed Jory
 63048 | Vaults:2 | Noticed Margery
 64074 | Vaults:1 | Killed Margery
 65209 | Vaults:2 | Found a staircase to the Crypt.
 65933 | Vaults:2 | Reached skill level 15 in Armour
 66239 | Vaults:2 | Acquired 1055 gold pieces
 66361 | Vaults:1 | Bought a +4 ring of protection for 504 gold pieces
 66498 | Vaults:2 | Noticed Frederick
 66506 | Vaults:2 | Killed Frederick
 67117 | Vaults:3 | Found Keinau's Book Boutique.
 67146 | Vaults:3 | Reached XP level 20. HP: 168/168 MP: 16/25
 67778 | Vaults:3 | You are sucked into a shaft and drop 1 floor!
 68132 | Vaults:4 | Reached skill level 5 in Spellcasting
 69188 | Vaults:4 | Noticed Mennas
 69230 | Vaults:4 | Killed Mennas
 70714 | Elf:1    | Entered Level 1 of the Elven Halls
 71509 | Elf:1    | Found a runed translucent gate.
 71509 | Elf:1    | Found a runed translucent gate.
 71509 | Elf:1    | Found a runed translucent gate.
 71509 | Elf:1    | Found a runed translucent gate.
 71509 | Elf:1    | Found a runed translucent gate.
 71511 | Elf:1    | Found a runed translucent gate.
 73169 | Elf:2    | Reached skill level 15 in Fighting
 73229 | Elf:2    | Noticed Saint Roka
 73243 | Elf:2    | Killed Saint Roka
 73463 | Elf:2    | Found a runed translucent gate.
 73463 | Elf:2    | Found a runed translucent gate.
 73465 | Elf:2    | Found a runed translucent gate.
 73858 | Elf:3    | Entered Level 3 of the Elven Halls
 73903 | Elf:3    | Reached XP level 21. HP: 179/184 MP: 33/33
 74096 | Elf:3    | Found Haofuonn's Assorted Antiques.
 74104 | Elf:3    | Bought a scroll of magic mapping for 105 gold pieces
 74104 | Elf:3    | Bought a scroll of teleportation for 90 gold pieces
 74323 | Elf:3    | Reached skill level 10 in Dodging
 75636 | Elf:3    | Identified the amulet "Eczug" {rElec Regen+}
 75835 | Elf:3    | Identified the ring "Wiamuv" {Fire Dex+2}
 76336 | Elf:3    | Identified the +11 halberd of Extinguishment {vorpal,
                  | Str+4}
 76466 | Elf:3    | Identified the amulet "Qyuste" {Faith rC++}
 78449 | Orc:2    | Bought a pair of runed gloves for 255 gold pieces
 78705 | Vaults:4 | Learned a level 2 spell: Blink
 78706 | Vaults:5 | Entered Level 5 of the Vaults
 79911 | Vaults:5 | Noticed a golden dragon
 79921 | Vaults:5 | Killed a golden dragon
 80325 | Vaults:5 | Noticed a golden dragon
 80339 | Vaults:5 | Killed a golden dragon
 80345 | Vaults:5 | Reached XP level 22. HP: 201/202 MP: 34/34
 80386 | Vaults:5 | Identified the +8 war axe of Zoec {freeze, Int+5 Dex+2}
 80619 | Vaults:5 | Identified the +1 robe of the Five Artisans {+Fly Int+3
                  | Stlth+}
 80619 | Vaults:5 | Identified the ring of Piddumis {rElec MP+9 Str-4 Stlth+}
 80655 | Vaults:5 | Cast into level 3 of the Abyss (yaktaur captain)
 80927 | Abyss:3  | Found a corrupted altar of Lugonu.
 81202 | Abyss:3  | Gained mutation: Scrolls take you a little longer to read.
                  | [a cacodemon]
 81432 | Abyss:3  | Found a corrupted altar of Lugonu.
 81487 | Vaults:5 | Escaped the Abyss
 81487 | Vaults:5 | Identified the +7 great sword "Orb Guardian's Foe" {freeze,
                  | rPois}
 81864 | Vaults:5 | Found Hoiduam's Antique Armour Shop.
 81877 | Vaults:5 | Bought the +3 crown of Dyrovepreva {rElec Int+2 SInv} for
                  | 993 gold pieces
 81877 | Vaults:5 | Found the +3 crown of Dyrovepreva {rElec Int+2 SInv}
 81903 | Vaults:5 | Lost mutation: Scrolls take you a little longer to read.
                  | [potion of mutation]
 81903 | Vaults:5 | Gained mutation: Your body sometimes deteriorates upon
                  | taking damage. [potion of mutation]
 81903 | Vaults:5 | Gained mutation: You possess an exceptional clarity of
                  | mind. [potion of mutation]
 81904 | Vaults:5 | Lost mutation: Your body sometimes deteriorates upon taking
                  | damage. [potion of mutation]
 81904 | Vaults:5 | Lost mutation: You possess an exceptional clarity of mind.
                  | [potion of mutation]
 81904 | Vaults:5 | Gained mutation: You evolve. [potion of mutation]
 81904 | Vaults:5 | Gained mutation: Your system is resistant to poisons.
                  | (rPois) [potion of mutation]
 82082 | Vaults:5 | Identified the +2 rapier of Youthful Indiscretion {vorpal,
                  | +Fly Dex+3}
 82151 | Vaults:5 | Identified the +11 quarterstaff of Esood {drain, Fragile
                  | Str+4 Int+4 Dex+9}
 82520 | Vaults:5 | Gained mutation: Your flesh is heat resistant. (rF+)
                  | [evolution]
 82941 | Vaults:5 | Identified the amulet "Muimn" {Acrobat rElec rF++ Str-4}
 83006 | Vaults:5 | Identified the amulet of Dithmenos's Approval {RegenMP
                  | Will- Str+8 Stlth+}
 83421 | Vaults:5 | Noticed an ancient lich
 83426 | Vaults:5 | Killed an ancient lich
 83434 | Vaults:5 | Got a silver rune of Zot
 84142 | Depths:1 | Entered Level 1 of the Depths
 84261 | Depths:1 | Found a one-way gate leading to the halls of Pandemonium.
 85075 | Depths:1 | Reached XP level 23. HP: 193/215 MP: 35/35
 85571 | Depths:2 | Found a one-way gate to the infinite horrors of the Abyss.
 85578 | Depths:2 | Found Ruitwimpa's Antique Armour Emporium.
 85586 | Depths:2 | Bought a pair of runed gloves for 240 gold pieces
 85586 | Depths:2 | Bought a warped helmet for 304 gold pieces
 85598 | Depths:2 | Identified the +2 helmet of Deobulu {rPois Int+8 Dex-4}
                  | (You bought it in a shop on level 2 of the Depths)
 85715 | Depths:3 | Found a gateway to Hell.
 85868 | Depths:3 | Found a runed translucent door.
 85874 | Depths:3 | Found a runed translucent door.
 86342 | Depths:3 | Noticed Nikola
 86371 | Depths:3 | Killed Nikola
 86611 | Depths:4 | Found Gozag's Assorted Antiques.
 86616 | Depths:4 | Found an opulent altar of Gozag.
 86619 | Depths:4 | Found Gozag's Antique Weapon Shop.
 86727 | Depths:4 | Found Gozag's Antique Weapon Shop.
 86854 | Depths:4 | Found a gateway to a ziggurat.
 86907 | Depths:5 | Entered Level 5 of the Depths
 87593 | Depths:5 | Found Biowoif's Assorted Antiques.
 87777 | Depths:5 | Bought a potion of haste for 370 gold pieces
 87777 | Depths:5 | Bought a scroll of enchant armour for 277 gold pieces
 87777 | Depths:5 | Bought a scratched wooden ring for 185 gold pieces
 88273 | Depths:5 | Found a gate to the Realm of Zot.
 88635 | Zot:1    | Entered Level 1 of the Realm of Zot
 89562 | Zot:2    | Reached XP level 24. HP: 224/224 MP: 35/35
 90643 | Zot:4    | Gained mutation: Armour fits poorly on your strangely
                  | shaped body. [evolution]
 90644 | Zot:4    | Lost mutation: Your flesh is heat resistant. (rF+) [potion
                  | of mutation]
 90644 | Zot:4    | Lost mutation: You evolve. [potion of mutation]
 90644 | Zot:4    | Lost mutation: Your system is resistant to poisons. (rPois)
                  | [potion of mutation]
 90644 | Zot:4    | Gained mutation: You are somewhat resistant to further
                  | mutation. [potion of mutation]
 90644 | Zot:4    | Gained mutation: You expend magic power (3 MP) to
                  | strengthen your wands. [potion of mutation]
 90645 | Zot:4    | Lost mutation: Armour fits poorly on your strangely shaped
                  | body. [potion of mutation]
 90645 | Zot:4    | Gained mutation: You have a pair of small horns on your
                  | head. [potion of mutation]
 90645 | Zot:4    | Gained mutation: You have large cloven feet. [potion of
                  | mutation]
 90690 | Zot:5    | Entered Level 5 of the Realm of Zot
 91556 | Zot:5    | Got a slimy marble ring
 91573 | Zot:5    | Identified the ring "Sazipnit" {+Fly Str+4} (You found it
                  | on level 5 of the Realm of Zot)
 91652 | Zot:5    | Noticed an orb of fire
 91665 | Zot:5    | Gained mutation: You are occasionally teleported next to
                  | monsters. [an orb of fire]
 91669 | Zot:5    | Killed an orb of fire
 91670 | Zot:5    | Reached skill level 15 in Dodging
 91672 | Zot:5    | Lost mutation: You have large cloven feet. [potion of
                  | mutation]
 91672 | Zot:5    | Gained mutation: You possess an exceptional clarity of
                  | mind. [potion of mutation]
 91672 | Zot:5    | Gained mutation: Your movements are slightly less
                  | encumbered by armour. (ER -2) [potion of mutation]
 91673 | Zot:5    | Lost mutation: You are occasionally teleported next to
                  | monsters. [potion of mutation]
 91673 | Zot:5    | Lost mutation: You have a pair of small horns on your head.
                  | [potion of mutation]
 91964 | Zot:5    | Noticed an orb of fire
 91970 | Zot:5    | Noticed a Killer Klown
 91980 | Zot:5    | Noticed an ancient lich
 91985 | Zot:5    | Killed an orb of fire
 91990 | Zot:5    | Noticed an orb of fire
 92028 | Zot:5    | Killed an ancient lich
 92042 | Zot:5    | Killed an orb of fire
 92418 | Zot:5    | Killed a Killer Klown
 92548 | Zot:5    | Noticed an ancient lich
 92556 | Zot:5    | Killed an ancient lich
 92624 | Zot:5    | Reached skill level 21 in Bows
 93213 | Zot:5    | Noticed an orb of fire
 93233 | Zot:5    | Killed an orb of fire
 93234 | Zot:5    | Reached XP level 25. HP: 133/231 MP: 35/35
 93518 | Zot:5    | Noticed an orb of fire
 93737 | Zot:5    | Got the Orb of Zot
 93787 | Zot:5    | Noticed Goleno the pandemonium lord
 94058 | D:15     | Noticed Janteyn the pandemonium lord
 94455 | D:2      | Reached skill level 22 in Bows
 94534 | D:$      | Escaped with the Orb!

Illustrated notes

Levels and vault maps discovered:
D:1:      minmay_arrival_plants_in_alcoves, layout_loops_corners
D:2:      layout_basic, corexii_leaking_fountain, minivault_14, uniq_robin
D:3:      layout_rooms, grunt_temple_overflow_holy_war, old_standard_altar,
          minivault_14, uniq_ijyb, uniq_sigmund
D:4:      layout_loops_ring, fiery_altar_vehumet, cheibrodos_sewer_entry_sluice,
          uniq_crazy_yiuf_cottage
D:5:      layout_basic, riverfiend_overflow_shadow_ancestor,
          grunt_gozag_breadcrumbs, serial_shops, shop
D:6:      layout_basic, lemuel_coloured_pillars_altar, serial_shops,
          kennysheep_little_box, minmay_between, uniq_menkaure
D:7:      layout_basic, kennysheep_mini_moat,
          minmay_temple_entry_statues_fountains
D:8:      layout_loops_cross, cheibriados_altar_1
D:9:      layout_roguey, david_lair_generic, basic_altar, nicolae_wwwww,
          lightli_orcish_oven, uniq_maurice
D:10:     layout_basic, serial_shops, nicolae_shop_trees,
          minmay_misc_feat_ornament
D:11:     kennysheep_town
D:12:     layout_big_octagon, david_orc_4, hangedman_corner_corridor
D:13:     layout_irregular_city, uniq_kirke, uniq_frances
D:14:     layout_roguey, david_vaults_5, chequers_serial_rivers_micro_c,
          uniq_rupert, uniq_azrael, uniq_louise
D:15:     grunt_enter_depths_snipers, layout_layer_cave,
          hangedman_decor_slide_cut, fedhas_bush_and_centaur_altar
Lair:1:   layout_loops_ring, chequers_serial_rivers_micro_e
Lair:2:   layout_gridlike, elwin_shoals_entry_rooms,
          nicolae_spider_entry_tight_spaces, gammafunk_ghost_hydra_chop,
          infiniplex_staircase_pool_2, uniq_sonja
Lair:3:   layout_roguey, worms_lemuel, grunt_megastairs_2
Lair:4:   layout_cellular_growth, minmay_lair_oklob_chamber, grunt_megastairs_4
Lair:5:   layout_hall_layers, slime_altar_1, serial_bayou_shore_b,
          uniq_josephine
Lair:6:   hangedman_lair_in_review, layout_regular_city, st_stairs_13,
          infiniplex_staircase_pool
Shoals:1: layout_shoals, serial_shops, nicolae_shop_overgrown_old_shop,
          nicolae_shop_statue_plus, shop, dpeg_stationary_puzzle
Shoals:2: layout_shoals, amcnicky_altar_lugonu_corruption
Shoals:3: layout_shoals, uniq_jorgrun
Shoals:4: shoals_end_simple, layout_shoals
Spider:1: layout_spider_delve, gammafunk_ghost_tricky_traps,
          einodemon_crawler_minivault
Spider:2: layout_spider_delve, portal_ice_cave_entry_frozen_things, uniq_roxanne
Spider:3: layout_spider_delve
Spider:4: guppyfry_spider_rune, gammafunk_ghost_grave
Orc:1:    layout_caves, serial_shops, shop
Orc:2:    st_orc_elflike, layout_caves, serial_shops, shop,
          nicolae_shop_waterfront, nicolae_shop_crystal, shop, basic_altar
Elf:1:    layout_gridlike, orc_legates, minivault_16
Elf:2:    layout_rooms, uniq_saint_roka
Elf:3:    minmay_elf_hall_quartered_circle, layout_loops_ring, serial_sigils,
          serial_sigils_hangedman_etch, serial_sigils_hangedman_stare,
          serial_sigils_hangedman_shear, serial_sigils_hangedman_gut,
          serial_sigils_hangedman_clutch, serial_shops, shop,
          lemuel_flamethrower_3
Vaults:1: vaults_room_corners, nicolae_vaults_network_square,
          gammafunk_the_bubble [the_bubble_gammafunk_plus_minus],
          hangedman_vaults_locks, hangedman_vaults_stitches, v_misc_2,
          vaults_room_corners, ontoclasm_vaults_misaligned,
          nicolae_vaults_diagonal_hallway_8, nicolae_vaults_specimen_jars,
          hangedman_vaults_stretched_pinwheel, hangedman_vaults_impose,
          nicolae_vaults_little_squares_2, v_misc_16, layout_vaults_omnibox,
          serial_shops, shop
Vaults:2: v_pattern_1, hangedman_vaults_maws, dpeg_vaults_monster_box,
          ontoclasm_vaults_pinch, blue_anna_dwarven_crypt,
          vaults_room_semicircle, serial_ice_h, nicolae_vaults_rhombus_7,
          st_lattice, ontoclasm_vaults_fault, nicolae_vaults_angled_halls,
          vaults_dpeg_hooks, grunt_vaults_hallway_long,
          ontoclasm_vaults_loading_screen, layout_vaults_big_cross,
          uniq_frederick, uniq_margery, uniq_jory
Vaults:3: vaults_room_semicircle, grunt_vaults_funnel, nicolae_vaults_theta,
          nicolae_vaults_network_periphery, nicolae_vaults_shelves_hall,
          v_alt_pattern_4, nicolae_vaults_statue_guard, vaults_room_door_ring,
          v_alt_pattern_6, ontoclasm_vaults_chip, v_misc_13,
          vaults_dpeg_encased_lava, nicolae_vaults_twisting_passages,
          nicolae_vaults_network_barrier, nicolae_vaults_little_squares_1,
          layout_vaults_big_room, serial_shops, shop
Vaults:4: vaults_dpeg_doors, v_pattern_4, vaults_room_hangedman_quadrants,
          ontoclasm_vaults_gateway, nicolae_vaults_yaktaur_gun_rack,
          vaults_room_door_hall, vaults_dpeg_diagonal, layout_vaults_omnigrid,
          uniq_mennas
Vaults:5: serial_shops
Depths:1: layout_basic, rand_demon_pan_entry_8, grunt_decor_one_mirror,
          hell_entry, chequers_serial_rivers_large_a,
          serial_sigils_hangedman_scar, kennysheep_four_rooms, uniq_aizul
Depths:2: hangedman_cross_stitches, layout_honeycomb, grunt_pan_entry_spiral,
          serial_shops, nicolae_shop_stone, lightli_too_deep, abyss_entry,
          serial_bayou_shore_a, infiniplex_staircase_squiggle
Depths:3: thingy_vault_2, layout_basic, nicolae_ashenzari_panopticon,
          abyss_entry, grunt_hell_entry_dis_old, rand_demon_pan_entry_4,
          minivault_16, evilmike_minifort, uniq_nikola
Depths:4: kennysheep_gozag_temple, layout_gridlike, enter_ziggurat_f,
          serial_shops, shop, abyss_entry, hell_entry, minmay_alternating_orb
Depths:5: grunt_crosshair, layout_cave_shapes, serial_shops, shop, hell_entry,
          minmay_misc_feat_pillars, ebering_ghost_reflecting_pool,
          kennysheep_underground_church
Zot:1:    layout_onion_interference, hangedman_zot_gyre,
          hangedman_spider_trapstep
Zot:2:    layout_basic
Zot:3:    cheibrodos_zot_enchanting_chambers, layout_basic
Zot:4:    layout_basic
Zot:5:    layout_gridlike

Skill      XL: |  1  2  3  4  5  6  7  8  9 10 11 12 13 14 15 16 17 18 19 20 21 22 23 24 25 |
---------------+----------------------------------------------------------------------------+-----
Bows           | 2 3 4 6 7 9 11 13 14 16 19 20 21 22 | 22.0
Fighting       | 7 8 9 12 15 18 20 | 20.0
Armour         | 8 11 15 16 20 | 20.0
Evocations     | 4 8 |  8.0
Maces & Flails | 5 |  5.0
Dodging        | 5 7 9 10 11 15 | 15.0
Hexes          | 5 12 15 | 15.0
Translocations | 4 6 8 |  8.0
Spellcasting   | 5 |  5.0

Action                   |  1- 3 |  4- 6 |  7- 9 | 10-12 | 13-15 | 16-18 | 19-21 | 22-24 | 25-27 || total
-------------------------+-------+-------+-------+-------+-------+-------+-------+-------+-------++-------
Melee: Dagger            |   171 |       |       |       |       |       |       |       |       ||   171
       Short sword       |    63 |   180 |       |       |       |       |       |       |       ||   243
       Falchion          |       |    29 |    67 |       |    12 |       |       |       |       ||   108
       Mace              |       |       |   312 |   380 |    87 |       |       |       |       ||   779
 Fire: Shortbow          |       |       |    68 |   559 |       |       |       |       |       ||   627
       Longbow           |       |       |       |    10 |  1117 |  1865 |  2160 |  1992 |    97 ||  7241
Throw: Dart              |    18 |    12 |     6 |     1 |       |       |       |       |       ||    37
 Cast: Cause Fear        |       |       |       |       |       |     5 |     1 |       |       ||     6
       Portal Projectile |       |       |       |       |       |       |     2 |     1 |       ||     3
       Blink             |       |       |       |       |       |       |     3 |       |     2 ||     5
       Apportation       |       |       |       |       |       |       |       |     6 |       ||     6
 Abil: Cancel Portal Pro |       |       |       |       |       |       |     1 |     1 |       ||     2
Evoke: Wand              |       |     1 |     2 |    14 |     5 |    12 |     6 |     1 |     6 ||    47
       Lightning rod     |       |       |       |     4 |       |    13 |     6 |     2 |     1 ||    26
       Box of beasts     |       |       |       |       |     1 |       |       |       |       ||     1
       Condenser vane    |       |       |       |       |       |     3 |     4 |     4 |       ||    11
  Use: Scroll            |     6 |     3 |    15 |    13 |    13 |    17 |    25 |    20 |       ||   112
       Potion            |       |       |     2 |     2 |     2 |     6 |     4 |    13 |     4 ||    33
 Stab: Sleeping          |     1 |       |       |       |       |       |       |       |       ||     1
Armor: Robe              |    39 |       |       |       |       |       |       |       |       ||    39
       Scale mail        |    80 |   124 |    20 |       |       |       |       |       |       ||   224
       Chain mail        |       |       |   307 |   370 |   307 |   744 |       |       |       ||  1728
       Skin              |       |       |       |   104 |       |       |       |       |       ||   104
       Plate armour      |       |       |       |       |       |    57 |   596 |       |       ||   653
       Gold dragon scale |       |       |       |       |       |       |     4 |   800 |    89 ||   893
Dodge: Dodged            |   153 |   129 |   282 |   310 |   333 |   656 |   418 |   485 |    53 ||  2819
       Rpst.: Falchion   |       |     6 |    11 |       |     2 |       |       |       |       ||    19
